[Event "42nd Olympiad Baku 2016 Open"]
[Site "Baku"]
[Date "2016.09.08"]
[Round "6.25"]
[White "Fier, Alexandr"]
[Black "Smerdon, David C"]
[Result "0-1"]
[ECO "D20"]
[WhiteElo "2634"]
[BlackElo "2531"]
[Annotator ""]
[PlyCount "86"]
[EventDate "2016.??.??"]
[EventCountry "AZE"]
[SourceTitle "playchess.com"]
[Source "ChessBase"]
[WhiteTeam "Brazil"]
[BlackTeam "Australia"]
[WhiteTeamCountry "BRA"]
[BlackTeamCountry "AUS"]
[TimeControl "40/5400+30:1800+30"]

1. d4 {(00:00} d5 {(00:00} 2. c4 {(00:00} dxc4 {
(00:00} 3. e4 {(01:30} a6 {(00:19} 4. Bxc4 {(11:
43} c5 {(01:01} 5. Nf3 {(07:31} cxd4 {(01:52} 6. O-O {
(00:05} Nc6 {(04:10} 7. Bg5 {(03:07} Qb6 {(15:
53} 8. Nbd2 {(01:16} e6 {(06:42} 9. e5 {(02:31} h6 {
(09:12} 10. Bh4 {(00:04} Nge7 {(01:04} 11. Bd3 {
(01:33} Nf5 {(04:14} 12. Nc4 {(02:10} Qa7 {(02:
52} 13. Re1 {(09:16} b5 {(14:25} 14. Bxf5 {(00:33}
bxc4 {(02:45} 15. Be4 {(00:12} Bd7 {(01:24} 16. Nxd4 {
(17:19} Nxd4 {(01:42} 17. Bxa8 {(00:07} Nf5 {(
00:04} 18. Bc6 {(00:05} Nxh4 {(04:30} 19. Qa4 {(00:05}
Bc5 {(08:34} 20. Rad1 {(13:59} Bxf2+ {(05:34} 21. Kh1 {
(01:38} O-O {(00:11} 22. Rxd7 {(00:11} Qc5 {(02:
35} 23. Re2 {(03:36} Ng6 {(00:06} 24. Rd1 {(06:53}
Nxe5 {(00:56} 25. Bb7 {(01:32} a5 {(08:52} 26. b3 {
(05:11} Bd4 {(00:56} 27. bxc4 {(06:13} Ng4 {(00:
18} 28. Qb5 {(00:12} Nf2+ {(01:01} 29. Rxf2 {(00:03}
Bxf2 {(00:04} 30. Qxc5 {(00:03} Bxc5 {(00:04} 31. Rd7 {
(00:01} f5 {(02:46} 32. Rc7 {(00:22} Rd8 {(00:
18} 33. Bf3 {(01:15} Be3 {(01:00} 34. g3 {(03:17} g5 {
(00:05} 35. g4 {(00:17} Rd2 {(00:43} 36. h3 {(
03:29} Rf2 {(00:23} 37. Bb7 {(00:05} f4 {(00:27} 38.
c5 {(00:57} f3 {(00:40} 39. Bxf3 {(00:03} Rxf3 {
(00:04} 40. c6 {(00:00} Bf4 {(00:00} 41. Re7 {(
00:10} Rc3 {(06:18} 42. Rxe6 {(00:17} Rxh3+ {(00:30}
43. Kg2 {(00:03} Kf7 {(00:42} 0-1

[Event "42nd Olympiad Baku 2016 Open"]
[Site "Baku"]
[Date "2016.09.08"]
[Round "6.16"]
[White "Foo, Zhi Rong Benjamin"]
[Black "Shishkov, Andrei"]
[Result "1-0"]
[ECO "B53"]
[WhiteElo "2233"]
[BlackElo "2368"]
[Annotator ""]
[PlyCount "129"]
[EventDate "2016.??.??"]
[EventCountry "AZE"]
[SourceTitle "playchess.com"]
[Source "ChessBase"]
[WhiteTeam "Singapore"]
[BlackTeam "Estonia"]
[WhiteTeamCountry "SIN"]
[BlackTeamCountry "EST"]
[TimeControl "40/5400+30:1800+30"]

1. e4 {(00:00} c5 {(00:00} 2. Nf3 {(00:00} d6 {(
00:00} 3. d4 {(00:19} cxd4 {(00:00} 4. Qxd4 {(00:03}
Nc6 {(00:00} 5. Bb5 {(00:06} Bd7 {(00:00} 6. Bxc6 {
(00:09} Bxc6 {(00:02} 7. Nc3 {(01:28} Nf6 {(01:
10} 8. Bg5 {(00:11} e6 {(00:09} 9. O-O-O {(00:43} Be7
{(00:05} 10. Qd3 {(03:37} O-O {(08:47} 11. Nd4 {
(01:33} Rc8 {(27:22} 12. f4 {(04:12} h6 {(24:01]
} 13. h4 {(02:16} a6 {(04:09} 14. Qe2 {(12:17} Nd7 {
(03:58} 15. Qh5 {(16:19} Nf6 {(03:39} 16. Bxf6 {
(04:29} Bxf6 {(00:04} 17. e5 {(00:04} Be7 {(05:
30} 18. f5 {(01:35} Qa5 {(00:32} 19. fxe6 {(17:39}
Qxe5 {(02:08} 20. Nf5 {(09:45} Kh7 {(04:30} 21. Qg4 {
(03:07} Rce8 {(04:10} 22. Rhf1 {(02:08} g6 {(05:
05} 23. Nxe7 {(05:41} Rxe7 {(00:11} 24. Rde1 {(00:21}
Qg7 {(00:33} 25. Qf4 {(06:52} d5 {(04:01} 26. Re5 {
(03:10} Kg8 {(01:07} 27. Nxd5 {(02:08} Bxd5 {(
00:01} 28. Rxd5 {(00:01} fxe6 {(00:19} 29. Qxf8+ {(00:
08} Qxf8 {(00:04} 30. Rxf8+ {(00:02} Kxf8 {(00:00} 31.
Rd8+ {(00:13} Kf7 {(01:32} 32. Kd2 {(00:14} Kf6 {
(00:35} 33. Ke3 {(01:28} Rc7 {(00:34} 34. c3 {(
00:17} h5 {(00:44} 35. Kd4 {(02:11} b5 {(01:04} 36. b3
{(00:04} e5+ {(00:12} 37. Kd3 {(00:26} Rc6 {(00:
15} 38. c4 {(00:51} bxc4+ {(00:09} 39. bxc4 {(00:02}
Kf5 {(00:37} 40. Rd5 {(00:00} Kf4 {(00:00} 41. c5 {
(05:29} Rc8 {(11:01} 42. a4 {(03:45} e4+ {(03:
07} 43. Ke2 {(04:11} a5 {(06:43} 44. Rg5 {(01:44} e3 {
(00:07} 45. Rxg6 {(02:00} Rxc5 {(00:41} 46. g3+ {
(00:15} Ke4 {(01:30} 47. Re6+ {(00:03} Kf5 {(03:
36} 48. Rxe3 {(02:26} Kg4 {(03:04} 49. Kd3 {(01:23}
Rc1 {(02:39} 50. Re5 {(01:55} Ra1 {(01:52} 51. Rg5+ {
(01:41} Kf3 {(00:30} 52. Rxh5 {(00:25} Ra3+ {(
01:22} 53. Kc2 {(00:58} Kxg3 {(00:55} 54. Rxa5 {(00:20]
} Kxh4 {(00:01} 55. Kb2 {(01:02} Rf3 {(00:37} 56. Re5 {
(00:56} Kg4 {(00:29} 57. a5 {(00:38} Rf6 {(00:
53} 58. Kb3 {(00:39} Kf4 {(00:06} 59. Re1 {(01:07} Rd6
{(01:06} 60. Kc4 {(01:03} Rd2 {(00:31} 61. Ra1 {
(01:39} Rc2+ {(00:16} 62. Kd5 {(00:41} Rd2+ {(
00:12} 63. Ke6 {(00:13} Rh2 {(01:13} 64. a6 {(00:31}
Rh6+ {(00:05} 65. Kd5 {(00:04} 1-0

[Event "42nd Olympiad Baku 2016 Open"]
[Site "Baku"]
[Date "2016.09.08"]
[Round "6.13"]
[White "Frick, Renato"]
[Black "Mctigue, James"]
[Result "0-1"]
[ECO "C11"]
[WhiteElo "2000"]
[BlackElo "2205"]
[Annotator ""]
[PlyCount "62"]
[EventDate "2016.??.??"]
[EventCountry "AZE"]
[SourceTitle "playchess.com"]
[Source "ChessBase"]
[WhiteTeam "Liechtenstein"]
[BlackTeam "U.S. Virgin Islands"]
[WhiteTeamCountry "LIE"]
[BlackTeamCountry "ISV"]
[TimeControl "40/5400+30:1800+30"]

1. e4 {(00:00} e6 {(00:00} 2. d4 {(00:00} d5 {(
00:00} 3. Nc3 {(00:00} Nf6 {(00:04} 4. e5 {(00:56}
Nfd7 {(00:07} 5. f4 {(00:07} c5 {(02:35} 6. Nf3 {
(00:12} Nc6 {(02:33} 7. Be3 {(00:09} cxd4 {(08:
23} 8. Nxd4 {(00:19} Nxd4 {(00:11} 9. Bxd4 {(00:26} a6
{(09:46} 10. Be2 {(07:07} Be7 {(00:49} 11. O-O {
(01:11} g6 {(02:47} 12. Qd2 {(03:24} Nb8 {(00:
53} 13. Na4 {(04:42} Nd7 {(05:29} 14. Qe3 {(03:08} b5
{(01:24} 15. Nc5 {(03:32} Qc7 {(03:02} 16. Nd3 {
(01:38} Bb7 {(03:13} 17. c3 {(01:49} Rc8 {(06:
53} 18. g4 {(05:51} Nc5 {(10:47} 19. b4 {(11:04} Nxd3
20. Bxd3 {(02:19} h5 {(07:12} 21. h3 {(02:20} hxg4 {
(00:15} 22. hxg4 {(00:02} Kd7 {(03:38} 23. Kg2 {
(05:34} Qxc3 {(08:48} 24. a4 {(12:43} Bxb4 {(05:
12} 25. axb5 {(01:25} Bc5 {(02:33} 26. Bxc3 {(03:52}
Bxe3 {(02:34} 27. bxa6 {(00:35} Bc6 {(03:54} 28. Bb4 {
(03:53} d4+ {(01:15} 29. Kg3 {(00:15} Rh7 {(02:
08} 30. f5 {(00:20} Rch8 {(01:02} 31. fxe6+ {(00:35}
fxe6 {(00:34} 0-1

[Event "42nd Olympiad Baku 2016 Open"]
[Site "Baku"]
[Date "2016.09.08"]
[Round "6.26"]
[White "Gadimbayli, Abdulla"]
[Black "Hasford, John Kojo"]
[Result "1-0"]
[ECO "B07"]
[WhiteElo "2294"]
[BlackElo "1970"]
[Annotator ""]
[PlyCount "61"]
[EventDate "2016.??.??"]
[EventCountry "AZE"]
[SourceTitle "playchess.com"]
[Source "ChessBase"]
[WhiteTeam "Azerbaijan"]
[BlackTeam "Ghana"]
[WhiteTeamCountry "AZE"]
[BlackTeamCountry "GHA"]
[TimeControl "40/5400+30:1800+30"]

1. e4 d6 {(00:00} 2. d4 {(00:00} Nf6 {(00:11} 3. Nc3 {
(00:16} g6 {(00:46} 4. Be3 {(00:40} Bg7 {(00:55]
} 5. Qd2 {(00:42} O-O {(01:13} 6. f3 {(05:11} e5 {
(00:30} 7. Nge2 {(01:56} Nc6 {(01:38} 8. O-O-O {
(03:49} exd4 {(05:02} 9. Nxd4 {(00:54} Nxd4 {(
02:47} 10. Bxd4 {(00:16} Be6 {(00:25} 11. Be3 {(08:31}
Re8 {(02:59} 12. Bg5 {(05:30} Qc8 {(02:51} 13. g4 {
(16:57} Nd7 {(03:44} 14. Be2 {(09:22} f6 {(04:
05} 15. Be3 {(06:29} Nb6 {(00:55} 16. h4 {(04:15} Qd7
{(00:59} 17. h5 {(03:28} g5 {(03:23} 18. h6 {(
01:10} Bh8 {(00:55} 19. f4 {(05:14} Na4 {(12:24} 20.
Bb5 {(01:57} c6 {(08:07} 21. Bxa4 {(00:13} Bxg4 {
(01:43} 22. Bb3+ {(01:12} Kf8 {(04:13} 23. Qxd6+ {
(02:13} Qxd6 {(01:18} 24. Rxd6 {(00:04} Ke7 {(
00:16} 25. Rd2 {(00:40} b6 {(01:08} 26. fxg5 {(00:17}
Red8 {(00:44} 27. Rf2 {(00:32} Rf8 {(04:04} 28. Rhf1 {
(00:36} Bh3 {(05:43} 29. Rh1 {(00:37} Bd7 {(01:
40} 30. Rhf1 {(04:09} Bh3 {(00:14} 31. gxf6+ {(01:08}
1-0

[Event "42nd Olympiad Baku 2016 Open"]
[Site "Baku"]
[Date "2016.09.08"]
[Round "6.35"]
[White "Garcia Guerrero, Isaac Antonio"]
[Black "Kreisl, Robert"]
[Result "1/2-1/2"]
[ECO "A45"]
[WhiteElo "2308"]
[BlackElo "2448"]
[Annotator ""]
[PlyCount "60"]
[EventDate "2016.??.??"]
[EventCountry "AZE"]
[SourceTitle "playchess.com"]
[Source "ChessBase"]
[WhiteTeam "Mexico"]
[BlackTeam "Austria"]
[WhiteTeamCountry "MEX"]
[BlackTeamCountry "AUT"]
[TimeControl "40/5400+30:1800+30"]

1. d4 {(00:00} Nf6 {(00:00} 2. Bg5 {(00:00} d5 {
(00:00} 3. Bxf6 {(00:11} exf6 {(00:00} 4. e3 {(
00:14} Bd6 {(00:00} 5. g3 {(00:30} c6 {(06:07} 6. Bg2
{(00:23} f5 {(05:21} 7. Ne2 {(00:40} Nd7 {(00:
32} 8. Nd2 {(00:45} Nf6 {(01:22} 9. c4 {(00:50} dxc4 {
(04:26} 10. Nxc4 {(00:30} Bb4+ {(02:27} 11. Nc3 {
(00:48} Be6 {(02:22} 12. Qd3 {(02:08} Bd5 {(09:
15} 13. O-O {(05:59} Bxg2 {(03:25} 14. Kxg2 {(00:34}
g6 {(00:41} 15. Ne5 {(06:26} Bd6 {(05:22} 16. Rfd1 {
(05:50} O-O {(17:17} 17. Nc4 {(30:32} Re8 {(03:
17} 18. d5 {(04:57} cxd5 {(03:23} 19. Nxd6 {(05:58}
Qxd6 {(00:34} 20. Nxd5 {(00:12} Rac8 {(10:55} 21. Qb3 {
(04:44} Nxd5 {(00:28} 22. Rxd5 {(00:45} Qc6 {(
00:20} 23. Rad1 {(01:18} Red8 {(02:29} 24. Kg1 {(06:26]
} Rxd5 {(00:08} 25. Rxd5 {(01:26} Qc1+ {(01:14} 26. Kg2
{(04:09} Qc6 {(00:18} 27. Kg1 {(00:23} Qc1+ {(
00:05} 28. Kg2 {(00:14} Qc6 {(00:05} 29. Kg1 {(00:18}
Qc1+ {(00:06} 30. Kg2 {(00:05} Qc6 {(00:04} 1/2-1/2

[Event "42nd Olympiad Baku 2016 Open"]
[Site "Baku"]
[Date "2016.09.08"]
[Round "6.15"]
[White "Garcia Paolicchi, Raul"]
[Black "Poon, Yu Tien"]
[Result "1-0"]
[ECO "E14"]
[WhiteElo "2153"]
[BlackElo "2196"]
[Annotator ""]
[PlyCount "93"]
[EventDate "2016.??.??"]
[EventCountry "AZE"]
[SourceTitle "playchess.com"]
[Source "ChessBase"]
[WhiteTeam "Andorra"]
[BlackTeam "Barbados"]
[WhiteTeamCountry "AND"]
[BlackTeamCountry "BAR"]
[TimeControl "40/5400+30:1800+30"]

1. d4 {(00:00} Nf6 {(00:00} 2. c4 {(00:00} e6 {(
00:00} 3. Nf3 {(00:07} b6 {(00:02} 4. e3 {(00:14} Bb7
{(00:28} 5. Bd3 {(00:39} d5 {(00:37} 6. cxd5 {(
01:08} exd5 {(00:31} 7. O-O {(01:11} Bd6 {(03:28} 8.
Nc3 {(03:13} O-O {(01:15} 9. b3 {(01:53} Nbd7 {(
03:58} 10. Bb2 {(01:39} a6 {(00:14} 11. Rc1 {(02:38}
Ne4 {(03:29} 12. Ne2 {(02:58} Qe7 {(08:14} 13. Nf4 {
(15:44} f5 {(04:57} 14. Be2 {(01:54} Rad8 15. Rc2 {
(11:19} Ng5 {(38:07} 16. Nd3 {(07:08} Nxf3+ {(
12:16} 17. Bxf3 {(00:09} Nf6 {(05:05} 18. g3 {(11:24}
Ne4 {(01:15} 19. Bg2 {(00:36} c5 {(00:28} 20. Ba3 {
(03:13} Rc8 {(03:53} 21. Qc1 {(03:35} cxd4 {(00:
38} 22. Bxd6 {(00:17} Qxd6 {(00:09} 23. exd4 {(00:10}
a5 {(02:42} 24. f3 {(12:41} Rxc2 {(01:20} 25. Qxc2 {
(00:06} Rc8 {(00:04} 26. Qb2 {(00:44} Nf6 {(04:
00} 27. Rc1 {(03:49} Re8 {(01:22} 28. Qd2 {(05:25} Rc8
{(02:44} 29. Rxc8+ {(01:12} Bxc8 {(00:04} 30. Ne5 {
(02:17} Ba6 {(02:00} 31. Bh3 {(02:53} g6 {(00:
17} 32. Bg2 {(00:08} Ne8 33. h4 {(00:45} Ng7 {(00:50}
34. Qg5 {(02:24} Qf8 {(01:02} 35. Nd7 {(01:04} Qc8 {
(00:25} 36. Qe7 {(00:35} Kh8 {(00:59} 37. Nxb6 {
(00:53} Qc1+ {(00:45} 38. Kh2 {(00:04} h5 {(00:
25} 39. Nxd5 {(00:34} Qc6 {(00:53} 40. Nf6 {(00:00}
Qc8 {(00:00} 41. Qf7 {(01:38} f4 {(00:47} 42. Qxg6 {
(08:08} fxg3+ {(00:07} 43. Qxg3 {(00:18} Ne6 {(
02:41} 44. d5 {(03:44} Nd4 {(02:09} 45. d6 {(02:34}
Nf5 {(01:14} 46. Qg6 {(00:27} Nxd6 {(00:32} 47. Qh7#
1-0

[Event "42nd Olympiad Baku 2016 Open"]
[Site "Baku"]
[Date "2016.09.08"]
[Round "6.29"]
[White "Gascon Del Nogal, Jose Rafael"]
[Black "Aboudi, Marwan"]
[Result "1-0"]
[ECO "C43"]
[WhiteElo "2436"]
[BlackElo "2209"]
[Annotator ""]
[PlyCount "73"]
[EventDate "2016.??.??"]
[EventCountry "AZE"]
[SourceTitle "playchess.com"]
[Source "ChessBase"]
[WhiteTeam "Venezuela"]
[BlackTeam "Jordan"]
[WhiteTeamCountry "VEN"]
[BlackTeamCountry "JOR"]
[TimeControl "40/5400+30:1800+30"]

1. e4 {(00:00} e5 {(00:00} 2. Nf3 {(00:00} Nf6 {
(00:00} 3. d4 {(00:09} Nxe4 {(00:25} 4. dxe5 {(
00:11} d5 {(00:10} 5. Nbd2 {(00:09} Nxd2 {(01:25} 6.
Qxd2 {(00:12} Be7 {(01:35} 7. Qf4 {(00:31} O-O {
(10:41} 8. Qg3 {(00:11} Kh8 {(07:28} 9. Bd3 {(
00:43} Nc6 {(00:34} 10. a3 {(03:31} Be6 {(00:53} 11.
Ng5 {(10:07} Bxg5 {(00:22} 12. Bxg5 {(00:26} Qd7 {
(02:26} 13. O-O-O {(00:51} Nxe5 {(02:50} 14. Qxe5 {
(00:18} f6 {(00:11} 15. Bxf6 {(00:14} Rxf6 {(00:
25} 16. Rhe1 {(00:07} Re8 {(10:40} 17. Qd4 {(03:56} b6
{(02:41} 18. Re5 {(03:37} Bg8 {(05:41} 19. Rh5 {
(07:21} Qd6 {(12:06} 20. g3 {(18:55} Rh6 {(03:
02} 21. Qh4 {(02:17} Rxh5 {(00:33} 22. Qxh5 {(00:02}
Re5 {(02:36} 23. Qh4 {(01:42} d4 {(05:00} 24. Qf4 {
(13:45} c5 {(02:10} 25. Bf1 {(07:26} Qe7 {(06:
36} 26. h4 {(02:48} h6 {(03:12} 27. g4 {(02:36} Bf7 {
(04:24} 28. h5 {(02:13} Bg8 {(00:37} 29. Bd3 {(
08:27} Re6 {(03:44} 30. Bf5 {(04:02} Rf6 {(01:07} 31.
Kd2 {(03:33} Bh7 {(03:26} 32. Re1 {(00:06} Qf8 {
(00:15} 33. Re5 {(00:05} Bxf5 {(01:10} 34. gxf5 {
(01:31} Kh7 {(03:16} 35. Qe4 {(00:27} Qf7 {(00:
23} 36. Qg4 {(00:10} Rd6 {(01:47} 37. Qg6+ {(00:13}
1-0

[Event "42nd Olympiad Baku 2016 Open"]
[Site "Baku"]
[Date "2016.09.08"]
[Round "6.28"]
[White "Gasimov, Parviz"]
[Black "Thompson, Edward Nii Lamptey"]
[Result "1-0"]
[ECO "C07"]
[WhiteElo "2323"]
[BlackElo "1889"]
[Annotator ""]
[PlyCount "101"]
[EventDate "2016.??.??"]
[EventCountry "AZE"]
[SourceTitle "playchess.com"]
[Source "ChessBase"]
[WhiteTeam "Azerbaijan"]
[BlackTeam "Ghana"]
[WhiteTeamCountry "AZE"]
[BlackTeamCountry "GHA"]
[TimeControl "40/5400+30:1800+30"]

1. e4 {(00:00} e6 {(00:20} 2. d4 {(00:00} d5 {(
00:06} 3. Nd2 {(00:00} c5 {(00:08} 4. c3 {(00:24} Nf6
{(02:31} 5. e5 {(01:34} Nfd7 {(00:09} 6. f4 {(
00:24} Be7 {(00:05} 7. Bd3 {(01:01} Nc6 {(00:19} 8.
Ne2 {(01:09} O-O {(01:50} 9. O-O {(03:11} f6 {(
00:21} 10. Nf3 {(01:21} Qb6 {(01:08} 11. Kh1 {(02:07}
f5 {(01:14} 12. a3 {(03:41} a5 {(00:29} 13. b3 {
(01:31} Rf7 {(07:12} 14. Rg1 {(03:12} Nf8 {(00:
23} 15. g4 {(03:11} Kh8 {(00:24} 16. Be3 {(03:19} cxd4
{(00:03} 17. cxd4 {(08:49} Ng6 {(01:23} 18. Nc3 {
(03:02} Qd8 {(00:43} 19. Ra2 {(03:19} Bd7 {(06:
10} 20. Rag2 {(05:37} Nf8 {(03:56} 21. gxf5 {(04:06}
exf5 {(00:10} 22. Nxd5 {(00:21} h6 {(06:42} 23. Nc3 {
(10:52} Bxa3 {(02:01} 24. Bc4 {(04:39} Re7 {(00:
12} 25. d5 {(00:58} g6 {(05:25} 26. dxc6 {(04:30} Bxc6
{(00:03} 27. Rd2 {(00:41} Qe8 {(02:28} 28. Nd5 {
(03:57} Bb4 {(07:00} 29. Nxb4 {(03:47} axb4 {(
00:22} 30. Bd5 {(00:10} Rc8 {(02:18} 31. Qe2 {(02:20}
Bxd5 {(04:58} 32. Rxd5 {(00:13} Rc3 {(01:23} 33. Rgd1 {
(02:42} Qc6 {(01:21} 34. Kg1 {(02:55} Ne6 {(00:
48} 35. R1d3 {(05:45} Kh7 {(05:17} 36. Bd2 {(04:22}
Rc2 {(08:43} 37. Nd4 {(05:28} Qxd5 {(07:22} 38. Nxc2 {
(00:02} Qc5+ {(05:26} 39. Be3 {(00:48} Nxf4 {(
03:53} 40. Bxc5 {(00:00} Nxe2+ {(00:00} 41. Kf1 {(02:
50} Rxe5 {(00:19} 42. Bxb4 {(00:31} g5 {(02:25} 43.
Rd7+ {(01:01} Kg6 {(00:01} 44. Rxb7 {(00:43} Re6 {
(01:27} 45. Bc5 {(02:22} Nc3 {(03:08} 46. Nd4 {(
02:44} Re8 {(01:05} 47. Rb6+ {(00:36} Kh5 {(01:07} 48.
Nxf5 {(00:41} Ne4 {(02:26} 49. Ng7+ {(00:04} Kg4 {
(00:16} 50. Nxe8 {(00:07} Nxc5 {(00:04} 51. b4 1-0

[Event "42nd Olympiad Baku 2016 Open"]
[Site "Baku"]
[Date "2016.09.08"]
[Round "6.12"]
[White "Gelashvili, Tamaz"]
[Black "Plat, Vojtech"]
[Result "1/2-1/2"]
[ECO "A48"]
[WhiteElo "2575"]
[BlackElo "2519"]
[Annotator ""]
[PlyCount "94"]
[EventDate "2016.??.??"]
[EventCountry "AZE"]
[SourceTitle "playchess.com"]
[Source "ChessBase"]
[WhiteTeam "Georgia"]
[BlackTeam "Czech Republic"]
[WhiteTeamCountry "GEO"]
[BlackTeamCountry "CZE"]
[TimeControl "40/5400+30:1800+30"]

1. d4 {(00:00} Nf6 {(00:00} 2. Nf3 {(00:00} g6 {
(00:00} 3. Bf4 {(01:06} Bg7 {(00:12} 4. e3 {(00:
07} d6 {(00:15} 5. h3 {(00:06} O-O {(00:27} 6. Be2 {
(00:19} c5 {(01:01} 7. c3 {(00:26} Nbd7 {(01:18]
} 8. O-O {(00:43} b6 {(00:07} 9. a4 {(00:21} Bb7 {
(06:12} 10. a5 {(01:08} bxa5 {(05:27} 11. Qa4 {(
03:24} Qb6 {(07:38} 12. Nbd2 {(06:14} Bc6 {(03:21} 13.
Qxa5 {(00:24} Rfb8 {(04:58} 14. Nc4 {(00:53} Qb7 {
(00:21} 15. Qa3 {(14:28} Bd5 {(02:21} 16. dxc5 {
(01:01} Nxc5 {(01:41} 17. b4 {(00:22} Ne6 {(12:
28} 18. Na5 {(01:12} Qb6 {(22:10} 19. Bh2 {(03:18} Ne4
{(00:16} 20. c4 {(00:50} Nc3 {(00:38} 21. cxd5 {
(01:32} Nxe2+ {(00:14} 22. Kh1 {(00:02} Nd8 {(
00:07} 23. Qd3 {(04:44} Qb5 {(10:55} 24. Nc4 {(04:05}
Rc8 {(00:59} 25. Nfd2 {(01:31} Nc3 {(00:31} 26. e4 {
(24:03} Qxb4 {(05:01} 27. f4 {(01:27} Nb7 {(06:
00} 28. Bg1 {(00:13} Nc5 {(00:52} 29. Bxc5 {(00:06}
Qxc5 {(00:37} 30. Na5 {(02:51} Nb5 {(03:12} 31. Ra4 {
(06:47} Nd4 {(01:24} 32. Ndb3 {(00:22} Nxb3 {(
00:33} 33. Qxb3 {(02:06} Qb6 {(00:48} 34. Qa2 {(00:55}
Rc3 {(02:44} 35. Nc6 {(00:20} Qe3 {(01:35} 36. Qb1 {
(02:30} Re8 {(00:39} 37. Qe1 {(01:27} Bh6 {(00:
46} 38. e5 {(04:49} dxe5 {(00:31} 39. Qxe3 {(00:38}
Rxe3 {(00:02} 40. fxe5 {(00:00} Bf8 {(00:00} 41. Rxa7 {
(01:17} Rc3 {(09:19} 42. Rc7 {(04:39} Rc5 {(03:
00} 43. Rd1 {(01:10} Rd8 {(01:18} 44. Rf1 {(20:49}
Rdxd5 {(00:38} 45. Nxe7+ {(00:14} Bxe7 {(00:05} 46.
Rxe7 {(00:05} Rxe5 {(00:04} 47. Rexf7 {(00:05} Re1 {
(00:09} 1/2-1/2

[Event "42nd Olympiad Baku 2016 Open"]
[Site "Baku"]
[Date "2016.09.08"]
[Round "6.33"]
[White "Gemy, Jose Daniel"]
[Black "Tamra, Attallah"]
[Result "1-0"]
[ECO "E44"]
[WhiteElo "2384"]
[BlackElo "2087"]
[Annotator ""]
[PlyCount "95"]
[EventDate "2016.??.??"]
[EventCountry "AZE"]
[SourceTitle "playchess.com"]
[Source "ChessBase"]
[WhiteTeam "Bolivia"]
[BlackTeam "Palestine"]
[WhiteTeamCountry "BOL"]
[BlackTeamCountry "PLE"]
[TimeControl "40/5400+30:1800+30"]

1. d4 {(00:00} Nf6 {(00:00} 2. c4 {(00:00} e6 {(
00:00} 3. Nc3 {(00:08} Bb4 {(01:01} 4. e3 {(00:06} b6
{(00:09} 5. Nge2 {(00:06} Bb7 {(00:03} 6. a3 {(
00:12} Bxc3+ {(08:54} 7. Nxc3 {(00:05} d5 {(00:22} 8.
Be2 {(01:12} dxc4 {(02:01} 9. O-O {(00:24} Nbd7 {
(00:09} 10. Bxc4 {(00:37} O-O {(00:21} 11. b4 {(
00:34} Qe7 {(03:14} 12. Bb2 {(00:28} Rfd8 {(01:43} 13.
Qb3 {(01:53} Nf8 {(07:33} 14. Rfe1 {(02:31} Rac8 {
(02:27} 15. a4 {(00:55} Nd5 {(09:13} 16. Nxd5 {(
02:11} Bxd5 {(01:03} 17. e4 {(00:52} Bxc4 {(06:02} 18.
Qxc4 {(00:06} c6 {(00:37} 19. f4 {(02:20} Qf6 {(
04:52} 20. Rf1 {(07:52} c5 {(07:16} 21. Rac1 {(18:10}
cxd4 {(08:49} 22. Qxc8 {(03:23} Rxc8 {(00:11} 23. Rxc8
{(00:01} Qe7 {(01:06} 24. Rc4 {(03:32} f5 {(08:
36} 25. Rxd4 {(02:29} fxe4 {(00:17} 26. Rxe4 {(08:20}
Qd7 {(02:19} 27. h3 {(03:48} Qxa4 {(05:08} 28. Rc1 {
(00:37} Qb3 {(00:49} 29. Ba1 {(07:35} Nd7 {(01:
22} 30. Kh2 {(00:39} Nf6 {(03:41} 31. Bxf6 {(05:19}
gxf6 {(00:11} 32. f5 {(10:10} exf5 {(05:03} 33. Re7 {
(01:19} Kf8 {(00:10} 34. Rxa7 {(00:50} Qe6 {(00:
26} 35. Rxh7 {(01:01} Kg8 {(01:56} 36. Rb7 {(01:17}
Kf8 {(02:47} 37. Kh1 {(00:15} f4 {(00:48} 38. Ra1 {
(02:32} Qc8 {(01:12} 39. Raa7 {(00:29} Qe8 {(04:
08} 40. Rf7+ {(00:00} Kg8 {(00:00} 41. Rg7+ {(05:44}
Kf8 {(03:17} 42. Raf7+ {(00:36} Qxf7 {(00:01} 43. Rxf7+
{(00:10} Kxf7 {(00:02} 44. Kg1 {(00:20} b5 {(03:
37} 45. Kf2 {(00:16} Kg6 {(00:10} 46. Kf3 {(00:59} Kg5
{(00:11} 47. Ke4 {(00:31} f3 {(01:19} 48. Kxf3 {
(02:02} 1-0

[Event "42nd Olympiad Baku 2016 Open"]
[Site "Baku"]
[Date "2016.09.08"]
[Round "6.19"]
[White "Georgiadis, Nico"]
[Black "Butnorius, Algimantas"]
[Result "1-0"]
[ECO "C95"]
[WhiteElo "2475"]
[BlackElo "2348"]
[Annotator ""]
[PlyCount "59"]
[EventDate "2016.??.??"]
[EventCountry "AZE"]
[SourceTitle "playchess.com"]
[Source "ChessBase"]
[WhiteTeam "Switzerland"]
[BlackTeam "Monaco"]
[WhiteTeamCountry "SUI"]
[BlackTeamCountry "MNC"]
[TimeControl "40/5400+30:1800+30"]

1. e4 {(00:00} e5 {(00:00} 2. Nf3 {(00:00} Nc6 {
(00:00} 3. Bb5 {(00:00} a6 {(00:00} 4. Ba4 {(00:
03} Nf6 {(00:00} 5. O-O {(00:14} Be7 {(00:22} 6. Re1 {
(00:09} b5 {(00:11} 7. Bb3 {(00:06} d6 {(00:04}
8. c3 {(00:09} O-O {(00:13} 9. h3 {(00:20} Nb8 {
(00:41} 10. d4 {(00:12} Nbd7 {(00:05} 11. c4 {(
00:10} Bb7 {(17:46} 12. Nc3 {(00:18} c6 {(02:21} 13.
a3 {(00:24} Qc7 {(02:42} 14. Be3 {(01:48} Rac8 {
(10:46} 15. Rc1 {(01:43} Qb8 {(02:59} 16. Ba2 {(
10:33} c5 {(13:03} 17. dxe5 {(05:19} Nxe5 {(00:14} 18.
cxb5 {(10:36} axb5 {(08:52} 19. Nxe5 {(08:29} dxe5 {
(00:05} 20. Bg5 {(01:38} b4 {(12:23} 21. Bxf6 {(
02:39} Bxf6 {(00:06} 22. Nd5 {(12:22} Bg5 {(04:23} 23.
Rc2 {(01:53} Ba6 {(13:29} 24. Bc4 {(05:00} Bb5 {
(05:48} 25. Bxb5 {(22:59} Qxb5 {(00:12} 26. axb4 {
(00:06} f5 {(04:15} 27. exf5 {(01:30} cxb4 {(00:
19} 28. Rxc8 {(06:13} Rxc8 {(00:04} 29. Rxe5 {(01:06}
Rc1 {(01:42} 30. Qxc1 {(00:11} 1-0